Map: King's Cove LE

Players

SpeCial - Winner!

  • Race: Terran Terran
  • Spawn Location: 5:00

Harstem

  • Race: Protoss Protoss
  • League: Platinum
  • Spawn Location: 11:00

Event: 2019 WCS Summer

VOD

Have the link to the VOD?

Description

Time

  • Played on: July 13, 2019, 9:29 a.m.
  • Length: 16:38

All games in this series

Show
View Real Time Build Order
Export as new Build Order

SpeCial Terran - Winner!

Build Orders: Reaper Expand 

Get SALT Encoding   

  12  0:00  SCV  
  13  0:12  SCV  
  14  0:18  Supply Depot  
  14  0:25  SCV  
  15  0:39  SCV  
  15  0:41  Barracks  
  16  0:44  Refinery  
  16  0:52  SCV  
  17  1:04  SCV  
  18  1:16  SCV  
  19  1:28  Orbital Command, Reaper  
  20  1:43  Command Center  
  20  1:54  SCV  
  21  2:00  Marine  
  22  2:01  Supply Depot  
  22  2:06  SCV  
  23  2:10  Factory  
  23  2:17  Refinery  
  23  2:21  Barracks Reactor  
  23  2:23  SCV  
  24  2:35  SCV  
  25  2:38  Barracks  
  25  2:47  SCV  
  26  2:55  Widow Mine  
  26  2:57  Starport  
  26  2:58  Orbital Command  
  28  3:02  SCV  
  29  3:06  Marine  
  29  3:08  Marine  
  31  3:14  SCV  
  31  3:16  Widow Mine  
  34  3:24  Marine, SCV  
  34  3:26  Marine, SCV  
  38  3:28  Barracks Tech Lab  
  38  3:34  Viking  
  38  3:39  Supply Depot  
  40  3:42  SCV x2  
  40  3:46  Widow Mine  
  44  3:49  Marine x2  
  44  3:54  Stimpack  
  46  4:00  Marine, SCV x2  
  46  4:02  Supply Depot  
  49  4:07  Medivac  
  49  4:09  Widow Mine  
  53  4:12  Marine  
  54  4:23  Marine x2, SCV x2  
  58  4:24  Supply Depot  
  58  4:29  Liberator  
  58  4:30  Marine  
  59  4:35  SCV x2  
  61  4:41  Marine  
  62  4:46  Marine  
  62  4:47  SCV x2  
  62  4:52  Supply Depot  
  68  4:54  Marine  
  68  4:59  Marine, SCV x2  
  69  5:02  Factory Reactor  
  69  5:04  Marine  
  68  5:12  SCV x2  
  70  5:15  Marine  
  70  5:16  Marine, Supply Depot  
  70  5:17  Engineering Bay  
  72  5:21  Marine  
  72  5:24  Refinery, SCV x2  
  72  5:26  Supply Depot  
  75  5:33  Marine  
  76  5:36  SCV x2  
  76  5:39  Barracks  
  76  5:41  Supply Depot  
  76  5:44  Terran Infantry Weapons Level 1  
  76  5:45  Factory Tech Lab  
  76  5:47  Marine x2  
  76  5:48  Missile Turret, SCV, Medivac x2  
  83  5:51  Marine  
  83  5:55  Refinery  
  84  5:58  SCV  
  84  6:00  SCV  
  82  6:05  Marine  
  82  6:06  Marauder  
  82  6:09  Marine  
  86  6:13  SCV x2  
  86  6:17  Command Center  
  88  6:20  Supply Depot  
  86  6:26  Marine  
  87  6:34  Marine  
  87  6:35  Marauder  
  87  6:38  Medivac x2  
  91  6:41  Barracks, Factory Reactor  
  91  6:42  SCV x2  
  91  6:43  Barracks, Marine  
  90  6:49  Supply Depot  
  90  6:53  Marine  
  90  6:54  Marauder, SCV x2  
  92  6:55  Combat Shield  
  92  6:59  Concussive Shells  
  92  7:01  Marine  
  92  7:05  Missile Turret  
  92  7:06  SCV x2  
  95  7:18  SCV x2  
  95  7:21  Marine x2  
  95  7:22  Marauder x2  
  103  7:27  Medivac x2  
  103  7:29  SCV  
  104  7:30  SCV  
  104  7:31  SCV  
  104  7:35  Barracks Reactor, Barracks Tech Lab  
  102  7:38  Terran Infantry Armor Level 1  
  102  7:41  Starport  
  100  7:45  SCV  
  100  7:46  Marine x2  
  100  7:47  Marauder  
  100  7:49  SCV  
  100  7:50  Orbital Command  
  105  7:55  Refinery  
  105  7:57  Refinery  
  105  8:02  Viking  
  105  8:03  Viking  
  105  8:04  Marine x2  
  111  8:08  SCV x2  
  111  8:24  Viking x2  
  111  8:25  Command Center  
  115  8:32  Viking  
  115  8:33  Supply Depot  
  115  8:34  Marine x5  
  114  8:36  Marauder  
  114  8:38  Marauder  
  122  8:45  Viking  
  122  8:47  SCV x2  
  122  8:48  SCV  
  127  8:51  Supply Depot  
  127  8:54  Viking  
  129  9:00  Armory  
  129  9:01  Engineering Bay  
  129  9:03  Supply Depot  
  129  9:05  Viking  
  129  9:07  Viking  
  133  9:19  Marine x2  
  133  9:20  Marine  
  133  9:23  Marauder x3  
  140  9:29  Viking x2  
  140  9:31  SCV x3  
  147  9:42  Marine x2  
  147  9:43  Marine x2, SCV x2  
  147  9:44  Marauder  
  155  9:47  Supply Depot  
  155  9:48  Terran Infantry Weapons Level 2  
  155  9:49  Terran Infantry Armor Level 2  
  155  9:53  Planetary Fortress  
  155  9:54  Liberator x2  
  155  10:00  Marine  
  155  10:01  Marauder, Marine x2  
  155  10:03  Marine  
  155  10:04  Marauder  
  169  10:14  Liberator  
  169  10:16  Liberator  
  153  10:21  Marine  
  153  10:22  Marauder  
  153  10:23  SCV x2  
  158  10:30  Marine x3  
  158  10:33  Barracks x2  
  158  10:34  Barracks  
  167  10:37  Liberator  
  167  10:38  SCV x3  
  170  10:45  Liberator  
  170  10:47  Marine  
  170  10:48  Marauder  
  158  10:51  Marine  
  158  10:52  Marauder  
  158  10:56  Marauder, Marine x2  
  155  10:58  SCV x2  
  155  10:59  Liberator x2, Terran Ship Weapons Level 1  
  158  11:05  Marine  
  158  11:09  Marauder, Marine  
  161  11:13  Marine, Marauder  
  161  11:16  Marine  
  161  11:17  Marauder  
  165  11:24  Barracks Reactor, Marine, Barracks Tech Lab x2  
  157  11:28  Marine  
  157  11:30  Marauder  
  157  11:33  Liberator  
  157  11:34  Marauder, Liberator, SCV x2  
  157  11:35  Marine x2  
  157  11:39  Marauder  
  165  11:41  Command Center  
  165  11:42  Marine  
  165  11:44  Liberator  
  165  11:45  Marine  
  165  11:46  Marauder  
  169  11:49  Marine  
  169  11:52  Marauder  
  169  11:53  Marine, Liberator  
  179  11:58  Marauder  
  179  12:02  Marauder  
  179  12:04  Marine x2  
  179  12:05  Marauder  
  175  12:12  Marauder, Marine x2  
  180  12:16  Liberator x2  
  180  12:19  Marine x3  
  180  12:20  Marauder  
  172  12:32  Marauder, Marine x2  
  172  12:36  Marauder, Marine  
  180  12:37  Marine  
  180  12:43  Refinery  
  179  12:44  Viking, Refinery  
  179  12:46  Ghost Academy  
  179  12:47  Sensor Tower  
  179  12:51  Marauder, Marine  
  184  12:52  Marauder, Marine  
  184  12:53  Viking  
  189  13:03  Marauder, Marine, Missile Turret  
  189  13:04  Marauder, Marine  
  189  13:05  Marine  
  195  13:07  Supply Depot  
  195  13:08  Supply Depot  
  195  13:14  Viking  
  195  13:15  Marine  
  195  13:16  Marauder, Missile Turret  
  195  13:17  Marine  
  194  13:28  Marauder, Marine  
  197  13:37  Liberator x3  
  197  13:47  Marauder  
  194  13:53  Marine, Marauder  
  194  13:54  Marauder  
  162  14:04  Marauder, Marine  
  162  14:07  Marauder, Marine  
  159  14:10  Planetary Fortress  
  159  14:11  Marine x2, Refinery  
  159  14:12  Marauder  
  159  14:13  Marine x2, Refinery  
  159  14:14  Marauder  
  159  14:15  Marauder  
  166  14:22  Marine  
  165  14:24  Marine  
  165  14:26  Marauder  
  165  14:28  Marauder  
  165  14:29  Marine x2  
  165  14:30  Marine  
  173  14:33  Marine, Marauder  
  173  14:36  Marauder  
  173  14:37  Marauder  
  171  14:39  Marine  
  171  14:41  Medivac x2  
  171  14:44  Marine  
  174  14:47  Marauder, Marine x2  
  174  14:49  Marine  
  174  14:50  Marauder  
  179  14:54  Marauder  
  179  14:57  Marauder, Marine  
  179  14:58  Marauder, Medivac x2  
  179  14:59  Marine  
  172  15:02  Marine  
  172  15:04  Marine  
  172  15:05  Marine  
  166  15:08  Marauder, Marine  
  166  15:11  Marauder, Medivac  
  166  15:13  Liberator x2  
  171  15:16  Marine, Marauder  
  171  15:19  Marauder x2  
  176  15:28  Liberator, Missile Turret  
  176  15:29  Marine, Ghost  
  176  15:32  Ghost  
  176  15:33  Marine  
  188  15:36  Marine  
  188  15:37  Marauder  
  188  15:39  Ghost  
  188  15:41  Marauder  
  190  15:45  Marine  
  194  15:53  Marine  
  194  15:55  Marine  
  196  15:58  Marauder x2  
  200  16:15  Marine  
  200  16:16  Marauder  
Show
View Real Time Build Order
Export as new Build Order

Harstem Protoss 

Build Orders: 1 Gate Expand, Oracle Opening 

Get SALT Encoding   

  12  0:01  Probe  
  13  0:13  Probe  
  14  0:18  Pylon  
  14  0:25  Probe  
  15  0:31  Assimilator  
  15  0:33  Probe  
  15  0:41  Probe  
  16  0:48  Gateway  
  17  0:51  Probe  
  18  1:03  Probe  
  19  1:15  Probe  
  20  1:24  Nexus  
  20  1:35  Cybernetics Core  
  20  1:37  Probe  
  21  1:43  Assimilator  
  21  1:49  Probe  
  21  1:51  Pylon  
  23  2:01  Probe  
  23  2:02  Adept  
  23  2:13  Probe  
  26  2:18  Stargate  
  26  2:25  Probe, Warp Gate  
  27  2:32  Probe, Adept  
  27  2:34  Probe  
  29  2:40  Probe  
  30  2:46  Probe  
  32  2:52  Oracle  
  32  2:54  Probe  
  32  2:57  Probe  
  37  3:06  Probe  
  37  3:09  Probe  
  39  3:15  Pylon  
  39  3:18  Probe  
  40  3:20  Oracle  
  40  3:21  Probe  
  41  3:30  Probe  
  41  3:33  Probe  
  46  3:45  Probe  
  47  3:48  Nexus  
  47  3:50  Probe, Robotics Facility  
  48  3:57  Probe  
  48  3:58  Pylon  
  49  4:03  Probe  
  49  4:07  Phoenix  
  50  4:10  Gateway x2  
  50  4:16  Probe  
  53  4:19  Probe  
  53  4:24  Zealot  
  56  4:27  Assimilator  
  56  4:29  Probe  
  56  4:30  Pylon  
  57  4:32  Immortal  
  57  4:34  Assimilator  
  56  4:43  Probe  
  56  4:44  Probe  
  61  4:51  Adept  
  63  4:55  Probe  
  63  4:56  Probe  
  63  5:05  Stalker x2  
  64  5:08  Probe x2  
  65  5:16  Probe  
  65  5:21  Robotics Bay  
  66  5:24  Probe  
  66  5:26  Probe  
  68  5:32  Probe, Sentry  
  68  5:33  Observer  
  71  5:36  Probe  
  71  5:39  Probe  
  74  5:42  Pylon  
  74  5:44  Probe  
  74  5:45  Pylon  
  74  5:48  Probe  
  76  5:51  Probe  
  76  5:56  Probe  
  78  6:00  Probe  
  78  6:02  Colossus  
  78  6:03  Probe, Zealot x2, Sentry  
  86  6:05  Pylon  
  86  6:08  Shield Battery  
  87  6:13  Probe  
  87  6:14  Forge  
  87  6:28  Pylon  
  87  6:29  Stalker x2  
  85  6:35  Probe x2  
  85  6:38  Probe  
  88  6:43  Probe x2  
  88  6:47  Probe  
  88  6:52  Probe x2  
  88  6:55  Probe  
  88  6:59  Colossus  
  96  7:02  Pylon  
  96  7:04  Probe x2  
  96  7:05  Zealot  
  100  7:14  Probe  
  101  7:22  Zealot x2  
  105  7:23  Protoss Ground Weapons Level 1  
  105  7:28  Extended Thermal Lance  
  100  7:31  Probe  
  100  7:32  Stalker  
  103  7:41  Pylon  
  103  7:42  Pylon  
  101  7:48  Pylon  
  101  7:50  Observer  
  101  7:52  Photon Cannon  
  101  7:54  Pylon  
  101  7:58  Pylon  
  101  7:59  Probe x3  
  100  8:08  Probe  
  100  8:11  Probe x2  
  103  8:16  Probe  
  103  8:23  Probe x2  
  103  8:24  Stalker x3  
  103  8:25  Probe  
  103  8:26  Disruptor  
  113  8:34  Forge  
  113  8:36  Twilight Council  
  113  8:40  Photon Cannon  
  115  8:42  Probe  
  115  8:46  Probe  
  117  8:49  Assimilator  
  117  8:50  Sentry, Colossus  
  117  8:52  Pylon  
  117  8:54  Zealot x2, Assimilator  
  123  9:02  Probe x2  
  122  9:05  Pylon  
  128  9:17  Gateway  
  128  9:19  Gateway  
  128  9:22  Probe, Blink  
  123  9:31  Protoss Ground Armor Level 1  
  123  9:34  Probe  
  123  9:36  Probe  
  123  9:37  Probe  
  126  9:47  Protoss Ground Weapons Level 2  
  126  9:48  Gateway  
  126  9:51  Gateway  
  126  9:52  Templar Archives, Gateway  
  132  9:55  Stalker  
  132  9:57  Disruptor  
  132  9:59  Shield Battery  
  131  10:07  Stalker x2  
  125  10:23  Stalker x3  
  127  10:30  Probe  
  127  10:32  Colossus  
  127  10:34  Zealot x2  
  133  10:51  Stalker x2, Zealot  
  133  10:52  Zealot x3  
  133  10:57  Probe  
  134  11:10  Nexus  
  132  11:14  Zealot x6  
  132  11:16  Charge  
  133  11:19  Stalker x2  
  133  11:22  Pylon  
  133  11:26  Colossus  
  139  11:35  Stalker x4  
  139  11:37  Stalker, Protoss Ground Armor Level 2  
  147  11:48  Probe  
  147  11:51  Probe  
  147  11:55  Zealot x3  
  149  12:04  Stalker x4  
  150  12:11  Probe  
  150  12:15  Stalker  
  147  12:16  Probe  
  147  12:21  Zealot x2  
  147  12:22  Zealot  
  150  12:35  Psionic Storm  
  150  12:43  Nexus  
  150  12:44  High Templar  
  150  12:45  High Templar x2  
  150  12:50  Protoss Ground Weapons Level 3  
  156  12:58  Pylon  
  156  13:00  Pylon  
  156  13:03  Pylon  
  156  13:05  Pylon  
  156  13:08  Phoenix  
  156  13:15  Pylon  
  156  13:19  Zealot, Shield Battery  
  159  13:20  High Templar x3  
  159  13:23  Shield Battery  
  163  13:34  Stalker x4  
  171  13:45  Zealot  
  163  13:54  Stalker x3  
  139  13:59  Zealot x2  
  139  14:02  Probe  
  124  14:13  Stalker x2  
  124  14:14  Stalker  
  130  14:30  High Templar x3  
  130  14:31  Probe  
  131  14:42  Archon  
  129  14:46  Zealot x5  
  129  14:51  Probe  
  129  14:52  Probe  
  132  14:56  Probe  
  114  15:04  Stalker x3  
  118  15:15  Probe  
  118  15:16  Probe x2  
  118  15:19  High Templar x2  
  123  15:27  Probe  
  123  15:28  Probe  
  125  15:29  Sentry, Zealot x3  
  125  15:31  Probe  
  134  15:45  Nexus  
  134  15:47  Sentry  
  134  15:48  Zealot  
  136  15:50  Stalker  
  136  15:57  Probe  
  136  16:00  Probe  
  136  16:02  Stalker  
  140  16:04  Probe  
  140  16:08  Stalker  
  140  16:09  Probe  
  139  16:15  Stalker  
  129  16:29  Archon  
  129  16:30  Archon  
  106  16:34  Zealot x2  
Tags
 
Add a new tag
Caveats
  • Supply blocks, unpowered buildings, or Contaminate may cause inaccurate times.
  • Supply counts are checked every 10 seconds.